 Dungeon Crawl Stone Soup version 0.14.0-26-g1682e81 (webtiles) character file.

1797 Heini the Cleaver (level 8, -2/71 HPs)
             Began as a Hill Orc Fighter on Apr 27, 2014.
             Was an Initiate of Okawaru.
             Slain by Heini's ghost (10 damage)
             ... on Level 6 of the Dungeon.
             The game lasted 00:17:31 (5480 turns).

Heini the Cleaver (Hill Orc Fighter)                Turns: 5480, Time: 00:17:31

HP  -2/71        AC 11     Str 26      XL: 8   Next: 76%
MP   7/7         EV  6     Int  8      God: Okawaru [......]
Gold 339         SH 18     Dex 10      Spells:  0 memorised,  7 levels left

rFire  . . .     SeeInvis +     a - +0,-2 war axe
rCold  . . .     Clarity  .     q - +0 chain mail {MR+}
rNeg   . . .     Conserve .     c - -1 shield
rPois  .         rCorr    .     h - +0 helmet
rElec  .         rRot     .     (no cloak)
SustAb . .       Spirit   .     (no gloves)
rMut   .         Warding  .     (no boots)
Saprov + . .     Stasis   .     (no amulet)
MR     ++...                    (no ring)
                                f - ring of protection from magic

@: mighty, very resistant to hostile enchantments, extremely unstealthy
A: see invisible, fast metabolism 1, low mp 1, saprovore 1
a: Renounce Religion


You were on level 6 of the Dungeon.
You worshipped Okawaru.
Okawaru was noncommittal.
You were not hungry.

You visited 2 branches of the dungeon, and saw 7 of its levels.

You collected 339 gold pieces.

Inventory:

Hand weapons
 a - a +0,-2 war axe (weapon)
Armour
 c - a -1 shield (worn)
 h - a +0 helmet (worn)
 q - a +0 chain mail of magic resistance (worn)
Comestibles
 d - 4 meat rations
 k - 3 apples
 n - 2 bread rations
 p - a choko
 s - 2 pears
 u - a snozzcumber
 v - 12 strawberries
 w - a beef jerky
 A - a rotting chunk of adder flesh
Scrolls
 i - a scroll of fog
 j - 5 scrolls of remove curse
 l - a scroll of enchant armour
 m - a scroll of amnesia {unknown}
 y - a scroll of enchant weapon II {unknown}
Jewellery
 f - a ring of protection from magic (left hand)
Potions
 e - 2 potions of might
 g - 5 potions of curing
 r - a potion of cure mutation
 t - a potion of brilliance {unknown}
 z - a potion of agility {unknown}


   Skills:
 * Level 6.8 Fighting
 * Level 9.8 Axes
 * Level 7.1 Armour
 - Level 3.4 Shields


You had 7 spell levels left.
You didn't know any spells.

Dungeon Overview and Level Annotations

Branches:
Dungeon (6/15)             Temple (1/1) D:6

Altars:
Ashenzari
Cheibriados
Dithmenos
Elyvilon
Fedhas
Kikubaaqudgha
Makhleb
Nemelex Xobeh
Okawaru
Sif Muna
Trog
Vehumet
Xom
Yredelemnul
Zin
The Shining One

Annotations:
D:6 Heini's ghost, experienced HOFi


Innate Abilities, Weirdness & Mutations

You can tolerate rotten meat.
You have supernaturally acute eyesight.
You have a fast metabolism.
Your magical capacity is low (-10% MP).


Message History

You block Heini's ghost's attack.
You hit Heini's ghost.
Heini's ghost is heavily damaged.
Heini's ghost hits you but does no damage.
Drink which item? (? for menu, Esc to quit)
You feel very mighty all of a sudden. You block Heini's ghost's attack.
You hit Heini's ghost but do no damage.
Heini's ghost is heavily damaged.
Heini's ghost hits you!
* * * LOW HITPOINT WARNING * * *
You hit Heini's ghost.
Heini's ghost is heavily damaged.
You block Heini's ghost's attack.
You hit Heini's ghost.
Heini's ghost is heavily damaged.
Heini's ghost hits you.
* * * LOW HITPOINT WARNING * * *
Heini's ghost hits you!
You die...

.................................
....#...>...#................ ...
...................########## #..
....#.......#......###.....## #..
...................#...≈≈≈...##..
....#.#.#.#.#........≈≈≈≈≈≈≈..#..
....................≈≈≈≈≈≈≈≈≈....
.....<.............≈≈≈≈≈≈≈≈≈≈≈...
................@..≈≈≈≈.♣P≈≈≈≈..#
...............p..≈≈≈≈..PP.≈≈≈≈.#
..................≈≈≈≈.♣_♣P≈≈≈≈.#
..................≈≈≈≈..PPP≈≈≈≈(#
...................≈≈≈≈P.P≈≈≈≈..#
...................≈≈≈≈≈≈≈≈≈≈≈...
.......... .######..≈≈≈≈≈≈≈≈≈..##
........... #..≈≈≈≈≈≈≈..##
........... #...≈≈≈...##


You could see Heini's ghost.

Vanquished Creatures
  The ghost of vatarom the Cudgeler, an average DrBe of Trog (D:4)
  A giant goldfish (D:6)
  A centaur (D:5)
  3 big kobolds (D:3)
  The ghost of notcluie the Insei, an average TeTm of Okawaru (D:5)
  A giant frog (D:6)
  A hippogriff zombie (D:5)
  A crimson imp (D:5)
  An orc priest (D:4)
  A hound (D:4)
  2 jellies (D:5)
  4 orc wizards
  2 iguanas (D:4)
  3 worker ants
  A sky beast zombie (D:3)
  10 gnolls (D:3)
  8 adders
  A shadow imp (D:5)
  4 worms
  A giant eyeball (D:4)
  2 giant geckos
  An ooze (D:2)
  9 orcs
  2 ball pythons (D:1)
  4 bat zombies
  3 giant cockroaches (D:2)
  42 goblins
  28 hobgoblins
  10 kobolds
  3 quokkas
  11 bats
  10 giant newts
  12 jackals
  A kobold skeleton (D:5)
  2 orc skeletons
  8 rats
  A rat zombie (D:4)
197 creatures vanquished.

Notes
Turn   | Place    | Note
--------------------------------------------------------------
     0 | D:1      | Heini, the Hill Orc Fighter, began the quest for the Orb.
     0 | D:1      | Reached XP level 1. HP: 19/19 MP: 1/1
   290 | D:1      | Reached XP level 2. HP: 27/27 MP: 2/2
   566 | D:2      | Found a radiant altar of Vehumet.
   624 | D:2      | Reached skill level 4 in Fighting
   624 | D:2      | Reached XP level 3. HP: 33/33 MP: 3/3
  1073 | D:2      | Reached XP level 4. HP: 26/40 MP: 4/4
  2055 | D:3      | Reached XP level 5. HP: 41/47 MP: 5/5
  2191 | D:3      | Noticed a big kobold
  2193 | D:3      | Noticed a big kobold
  2196 | D:3      | Noticed a big kobold
  2201 | D:3      | Killed a big kobold
  2201 | D:3      | Reached skill level 5 in Axes
  2201 | D:3      | Reached skill level 5 in Armour
  2201 | D:3      | Reached XP level 6. HP: 50/55 MP: 6/6
  2205 | D:3      | Killed a big kobold
  2205 | D:3      | Reached skill level 5 in Fighting
  2228 | D:3      | Killed a big kobold
  2228 | D:3      | Reached skill level 6 in Axes
  2570 | D:3      | Reached XP level 7. HP: 61/61 MP: 7/7
  3169 | D:4      | Reached skill level 7 in Axes
  3371 | D:4      | Noticed vatarom's ghost (average DrBe)
  3581 | D:4      | Paralysed by a giant eyeball for 4 turns
  3606 | D:4      | Killed vatarom's ghost
  3606 | D:4      | Reached skill level 8 in Axes
  3627 | D:4      | Reached XP level 8. HP: 60/70 MP: 8/8
  3803 | D:4      | Found an ancient bone altar of Kikubaaqudgha.
  4050 | D:5      | Entered Level 5 of the Dungeon
  4100 | D:5      | Noticed notcluie's ghost (average TeTm)
  4118 | D:5      | Killed notcluie's ghost
  4186 | D:5      | Reached skill level 9 in Axes
  4408 | D:5      | Found a glowing golden altar of the Shining One.
  4414 | D:5      | Found a shadowy altar of Dithmenos.
  4415 | D:5      | Found a sparkling altar of Nemelex Xobeh.
  4776 | D:6      | Found a staircase to the Ecumenical Temple.
  4784 | Temple   | Entered the Ecumenical Temple
  4936 | Temple   | Became a worshipper of Warmaster Okawaru
  5086 | D:6      | Found a blossoming altar of Fedhas.
  5393 | D:6      | Gained mutation: You have a fast metabolism. [potion of mutation]
  5393 | D:6      | Gained mutation: You have supernaturally acute eyesight. [potion of mutation]
  5393 | D:6      | Gained mutation: Your magical capacity is low (-10% MP). [potion of mutation]
  5465 | D:6      | Noticed Heini's ghost (experienced HOFi)
  5480 | D:6      | Slain by Heini's ghost

Action                   |  1- 3 |  4- 6 |  7- 9 || total
-------------------------+-------+-------+-------++-------
Melee: War axe           |   108 |   194 |   338 ||   640
  Use: Scroll            |       |     7 |     4 ||    11
       Potion            |       |       |     2 ||     2
